 Dungeon Crawl Stone Soup version 0.17-a0-1421-g95311d7 (webtiles) character file.

105 patman the Cudgeler (level 5, 0/41 HPs)
             Began as a Formicid Abyssal Knight on June 24, 2015.
             Was a Follower of Lugonu.
             Slain by Edmund
             ... wielding a +3 flail of protection
              (1 damage)
             ... on level 3 of the Dungeon.
             The game lasted 00:05:36 (1785 turns).

patman the Cudgeler (Formicid Abyssal Knight)       Turns: 1785, Time: 00:05:37

Health: 0/41       AC: 10    Str: 17    XL:     5   Next: 8%
Magic:  6/6        EV:  5    Int: 16    God:    Lugonu [*.....]
Gold:   73         SH:  0    Dex: 11    Spells: 0 memorised, 4 levels left

rFire  . . .     SeeInvis +     a - +1 mace
rCold  . . .     Clarity  .     i - +0 plate armour
rNeg   . . .     SustAt   .     (no shield)
rPois  .         Gourm    .     (helmet unavailable)
rElec  .         Spirit   .     (no cloak)
rCorr  .         Warding  .     (no gloves)
rMut   .         Stasis   +     (no boots)
MR     .....                    (no amulet)
Stlth  ..........               (no ring)
                                (no ring)

@: brilliant, flying, not resistant to hostile enchantments, extremely
unstealthy
A: permanent stasis, dig shafts and tunnels, four strong arms, antennae 3
a: Dig, Shaft Self, Depart the Abyss, Renounce Religion


You were on level 3 of the Dungeon.
You worshipped Lugonu.
Lugonu was aware of your devotion.
You were hungry.

You visited 1 branch of the dungeon, and saw 4 of its levels.
You visited the Abyss 1 time.
You also visited: Sewer.

You collected 73 gold pieces.

Inventory:

Hand weapons
 a - a +1 mace (weapon)
Armour
 i - a +0 plate armour (worn)
Scrolls
 e - a scroll of enchant armour {unknown}
 g - a scroll of enchant weapon {unknown}
Potions
 d - a potion of resistance
 j - 2 potions of haste
Books
 h - a book of Clouds

   Spells                             Type                      Level
   a - Mephitic Cloud                 Conjuration/Poison/Air       3
   b - Conjure Flame                  Conjuration/Fire             3
   c - Poisonous Cloud                Conjuration/Poison/Air       6
   d - Freezing Cloud                 Conjuration/Ice/Air          6
   e - Ring of Flames                 Charms/Fire                  7
Comestibles
 c - 2 bread rations
 f - a meat ration
 k - a royal jelly


   Skills:
 - Level 3.2 Fighting
 + Level 4.8 Maces & Flails
 - Level 2.1 Armour
 - Level 0.8 Dodging
 - Level 2.1 Invocations


You had 4 spell levels left.
You didn't know any spells.

Dungeon Overview and Level Annotations

Branches:
Dungeon (4/15)
 Temple: D:4-7

Altars:
Dithmenos
Vehumet
Xom

Annotations:
D:3 Edmund


Innate Abilities, Weirdness & Mutations

You are under a permanent stasis effect.
You can dig through walls and to a lower floor.
Your four strong arms can wield two-handed weapons with a shield.
You have a pair of large antennae on your head (SInv).


Message History

Edmund is heavily wounded.
Edmund completely misses you.
Your plate armour prevents you from hitting Edmund.
Edmund is heavily wounded.
Edmund hits you with a flail of protection.
* * * LOW HITPOINT WARNING * * *
Your plate armour prevents you from hitting Edmund.
Edmund is heavily wounded.
Edmund hits you with a flail of protection.
* * * LOW HITPOINT WARNING * * *
You closely miss Edmund.
Edmund is heavily wounded.
Edmund completely misses you.
You hit Edmund but do no damage.
Edmund is heavily wounded.
Edmund hits you but does no damage.
You hit Edmund but do no damage.
Edmund is heavily wounded.
Edmund hits you with a flail of protection.
You die...

..# #.# ####
#.# #.## ####
#####..#
##≈≈####≈≈###.#
#≈≈≈≈÷≈≈≈≈≈##.#
##≈≈####≈≈###.#
{
#≈##≈≈##≈###.#
#≈#≈@@≈≈≈##..#
#≈#≈≈≈≈≈≈##.##
#≈##≈≈#####.#
##≈≈####≈≈##.#
#≈≈≈≈≈≈≈≈≈≈..#
##≈≈####≈≈####
#### ####


You could see Edmund.

Vanquished Creatures
  5 adders
  A river rat (D:3)
  2 oozes (D:3)
  2 worms (D:2)
  A giant gecko (D:3)
  A bat (D:3)
  A giant cockroach (D:3)
  4 hobgoblins (D:2)
  4 jackals (Sewer)
  2 kobolds (Sewer)
  A quokka (D:4)
  4 ball pythons (Sewer)
  3 giant newts (D:2)
  6 rats
37 creatures vanquished.

Notes
Turn   | Place    | Note
--------------------------------------------------------------
     0 | Abyss:1  | patman the Formicid Abyssal Knight began the quest for the Orb.
     0 | Abyss:1  | Reached XP level 1. HP: 18/18 MP: 2/2
    37 | Abyss:1  | Noticed a small abomination
    38 | Abyss:1  | Noticed an iron imp
    57 | Abyss:1  | Noticed a kobold demonologist
    62 | Abyss:1  | Noticed an apocalypse crab
    64 | Abyss:1  | Noticed a raiju
    66 | D:1      | Escaped the Abyss
   437 | D:2      | Reached XP level 2. HP: 13/24 MP: 3/3
   506 | D:2      | Found a shadowy altar of Dithmenos.
   542 | D:2      | Found a faded altar to an unknown god.
   577 | D:2      | Acquired Lugonu's first power
   607 | D:2      | Found a shimmering altar of Xom.
   608 | D:2      | Found a shimmering altar of Xom.
   614 | D:2      | Found a shimmering altar of Xom.
   615 | D:2      | Found a shimmering altar of Xom.
   615 | D:2      | Found a shimmering altar of Xom.
   616 | D:2      | Found a shimmering altar of Xom.
   616 | D:2      | Found a shimmering altar of Xom.
   642 | D:2      | Reached XP level 3. HP: 29/29 MP: 4/4
   902 | D:3      | Found a radiant altar of Vehumet.
   983 | D:3      | Reached skill level 4 in Maces & Flails
   983 | D:3      | Reached XP level 4. HP: 27/35 MP: 5/5
  1122 | D:3      | Found a glowing drain.
  1142 | Sewer    | Entered a sewer
  1371 | Sewer    | Reached XP level 5. HP: 31/41 MP: 6/6
  1672 | D:4      | Noticed Edmund
  1782 | D:3      | HP: 1/41 [Edmund/flail of protection (2)]
  1785 | D:3      | Slain by Edmund

Vault maps used:
D:1:      minmay_arrival_solitary_statue, tso_metal_star
D:2:      xom_redecorated, overflow_temple_1_default, ecumenical_altar_2
D:3:      wad_lake_hut, vehumet_crystals, gammafunk_temple_overflow_forgotten,
          gup_sewer_entry_bubbles
D:4:      uniq_pikel, uniq_sigmund, uniq_edmund, uniq_menkaure, uniq_duvessa,
          uniq_crazy_yiuf_cottage
Sewer:    sewer_co_scattered_pipes

Action                   |  1- 3 |  4- 6 || total
-------------------------+-------+-------++-------
Melee: Mace              |    69 |   139 ||   208
Invok: Depart the Abyss  |     1 |       ||     1
  Use: Potion            |       |     6 ||     6
  Eat: Chunk             |       |     3 ||     3
